 Dungeon Crawl Stone Soup version 0.30.1-4-g462c640d31 (webtiles) character file.

Game seed: 9402848001795863365

739 boopmooplesden the Covered (level 7, -3/62 HPs)
             Began as an Armataur Fighter on Sept 6, 2023.
             Killed from afar by Dowan (27 damage)
             ... with a shard of ice
             ... on level 5 of the Dungeon.
             The game lasted 00:06:09 (2409 turns).

boopmooplesden the Covered (Armataur Fighter)       Turns: 2409, Time: 00:06:09

Health: -3/62      AC:  7    Str: 21    XL:     7   Next: 46%
Magic:  7/7        EV:  8    Int:  9    God:
Gold:   183        SH:  8    Dex: 15    Spells: 6/6 levels left

rFire   . . .        a - +0 long sword (drain)
rCold   . . .        o - +3 buckler
rNeg    . . .        b - +0 scale mail
rPois   .            (no helmet)
rElec   +            (no cloak)
rCorr   .            (no gloves)
SInv    .            (no barding)
Will    .....        e - amulet "Qasua" {rElec Regen+ Dex+4} Stlth
                     (no ring)
HPRegen 1.10/turn    (no ring)
MPRegen 0.10/turn

%: roll
@: no status effects
A: large, rugged brown scales 3, deformed body, armoured tail, roll, long
tongue, awkward tongue
a: no special abilities


You were on level 5 of the Dungeon.
You visited 1 branch of the dungeon, and saw 5 of its levels.
You also visited: Sewer.

You collected 183 gold pieces.

Inventory:

Hand Weapons
 a - a +0 long sword of draining (weapon)
Missiles
 n - 5 silver boomerangs (quivered)
Armour
 b - a +0 scale mail (worn)
 c - a +0 buckler
 g - a +0 cloak
 m - an orb of energy
 o - a +3 buckler (worn)
Jewellery
 d - a ring of protection from cold
 e - the amulet "Qasua" (around neck) {rElec Regen+ Dex+4}
   (You acquired it on level 1 of the Dungeon)

   [amulet of regeneration]

   Dex:       It affects your dexterity (+4).
   rElec:     It insulates you from electricity.
   Regen:     It increases your rate of health regeneration.
Scrolls
 k - 4 scrolls of teleportation
 p - 2 scrolls of identify
 s - a scroll of brand weapon
Potions
 f - a potion of heal wounds {unknown}
 h - a potion of haste
 i - a potion of lignification
 j - 3 potions of invisibility
 r - a potion of brilliance {unknown}
 u - a potion of mutation {unknown}


   Skills:
 + Level 3.8 Fighting
 + Level 5.3 Long Blades
 + Level 5.6 Armour
 + Level 1.4 Dodging
 + Level 0.4 Stealth
 + Level 4.5 Shields


You had 6 spell levels left.
You didn't know any spells.
Your spell library was empty.

Dungeon Overview and Level Annotations

Branches:
Dungeon (5/15)              Sewer (visited)
 Temple: D:4-7

Altars:
Ashenzari

Annotations:
D:5 Dowan


Innate Abilities, Weirdness & Mutations

You are completely covered in rugged brown scales. (AC +3, +7% HP)
Armour fits poorly on your strangely shaped body.
You have a long armoured tail.
You roll when moving toward enemies. (Rampage)
Your long tongue fully drains potion bottles. (2x potion effects)
Your tongue gives you trouble enunciating. (1.5x scroll delay)


Message History

Dowan mumbles some strange words.
Dowan blinks!
You roll towards Dowan!
Things that are here:
a +0 short sword; a +0 chain mail You roll towards Dowan!
You hit Dowan but do no damage. You tail-slap Dowan!
Dowan is moderately wounded.
Dowan closely misses you. Dowan hits you but does no damage.
You miss Dowan.
Dowan is moderately wounded.
Dowan gestures wildly while chanting.
Dowan blinks!
Found a stone staircase leading up.
You roll towards Dowan!
Dowan completely misses you. Dowan gestures at you while chanting.
The shard of ice hits you!!
You miss Dowan. You tail-slap Dowan, but do no damage.
Dowan is moderately wounded.
Dowan closely misses you. You block Dowan's attack.
You closely miss Dowan.
Your tail-slap misses Dowan.
Dowan is moderately wounded.
Dowan hits you with a +0 dagger.
* * * LOW HITPOINT WARNING * * *
Dowan mumbles some strange words.
Dowan blinks!
Dowan casts a spell at you. You block the shard of ice.
Things that are here:
a +0 short sword; a +0 chain mail You roll towards Dowan!
You hit Dowan but do no damage.
Dowan is moderately wounded.
You block Dowan's attack. x2
You slash Dowan! You drain Dowan.
Your tail-slap misses Dowan.
Dowan is almost dead.
Dowan hits you with a +0 dagger.
You closely miss Dowan.
Dowan is almost dead.
Dowan points at you and mumbles some strange words.
The shard of ice hits you!!
You die...

#......# ######.#
#.########
######.########>###.###
###.#..............#
..#.#.######....)#.#
#<#.#.# #######.# ###
#.#.#.# #..< #.#.#.##
.. #.#....###########.#
#....#......@e.....#
###....###########.#
#.#........ #
#.######### #.# ... ###


You could see Dowan (fast, very drained).

Vanquished Creatures
  Sigmund (D:2)
  Duvessa (D:5)
  An ice beast (D:5)
  2 killer bees
  2 jellies (Sewer)
  Jessica (D:3)
  Ijyb (D:3)
  6 adders
  2 river rats (Sewer)
  A worm (D:3)
  2 dart slugs
  An orc (D:3)
  11 bats
  15 endoplasms
  8 giant cockroaches
  6 hobgoblins
  3 jackals (D:1)
  5 quokkas
  10 ball pythons
  10 frilled lizards
  5 goblins
  4 kobolds
  12 rats
110 creatures vanquished.

Notes
Turn   | Place    | Note
-------+----------+-------------------------------------------
     0 | D:1      | boopmooplesden the Armataur Fighter began the quest for the
                  | Orb.
     0 | D:1      | Reached XP level 1. HP: 19/19 MP: 1/1
    73 | D:1      | Reached XP level 2. HP: 26/26 MP: 2/2
   340 | D:1      | Reached XP level 3. HP: 33/33 MP: 3/3
   589 | D:1      | Identified a scroll of acquirement
   589 | D:1      | Acquired the amulet "Qasua" {rElec Regen+ Dex+4}
   667 | D:2      | Noticed Sigmund
   684 | D:2      | Killed Sigmund
   685 | D:2      | Reached XP level 4. HP: 40/40 MP: 4/4
   685 | D:2      | Reached XP level 5. HP: 48/48 MP: 5/5
   925 | D:2      | Reached skill level 1 in Dodging
  1431 | D:3      | You fall into a shaft and drop 1 floor!
  1485 | D:3      | Found a glowing drain.
  1496 | Sewer    | Entered a sewer
  1505 | Sewer    | Reached XP level 6. HP: 51/54 MP: 6/6
  1564 | Sewer    | Reached skill level 5 in Armour
  1633 | Sewer    | Found a shimmering altar of Xom.
  1843 | D:3      | Found a faded altar of an unknown god.
  1843 | D:3      | Noticed Ijyb
  1846 | D:3      | Paralysed by Ijyb for 2 turns
  1852 | D:3      | Paralysed by Ijyb for 2 turns
  1867 | D:3      | Paralysed by Ijyb for 3 turns
  1877 | D:3      | Killed Ijyb
  1965 | D:3      | Found a broken altar of Ashenzari.
  2029 | D:3      | Noticed Jessica
  2034 | D:3      | Killed Jessica
  2230 | D:5      | Entered Level 5 of the Dungeon
  2239 | D:5      | Noticed an ice beast
  2245 | D:5      | Killed an ice beast
  2246 | D:5      | Reached skill level 5 in Long Blades
  2246 | D:5      | Reached XP level 7. HP: 18/62 MP: 7/7
  2364 | D:5      | Noticed Duvessa
  2365 | D:5      | Noticed Dowan
  2378 | D:5      | Killed Duvessa
  2409 | D:5      | Killed from afar by Dowan

Illustrated notes

Levels and vault maps discovered:
D:1:      scummos_arrival_simple_crosswalls, layout_rooms
D:2:      layout_loops_ring, serial_glass, glass_columns_a, glass_columns_c,
          glass_columns_b, glass_columns_c, glass_columns_a, glass_columns_b,
          glass_columns_c, glass_columns_a, glass_columns_c, glass_columns_b,
          glass_columns_c, glass_columns_a, glass_columns_c, glass_columns_a,
          serial_bayou_pond_b, grunt_ministairs_12, uniq_sigmund
D:3:      layout_loops_ring, old_standard_altar, gup_sewer_entry_bubbles,
          hellmonk_ecumenical_altar_arch_garden, uniq_ijyb, uniq_jessica
D:4:      layout_loops_cross, gammafunk_ghost_cemetery, due_unseen_surprise
D:5:      layout_loops_ring, minmay_temple_entry_glassed_door, uniq_duvessa

Skill      XL: |  1  2  3  4  5  6 |
---------------+-------------------+-----
Armour         | 4 5 |  5.6
Long Blades    | 2 3 5 |  5.3
Fighting       | 3 |  3.8
Shields        | 4 |  4.5
Dodging        | 1 |  1.4
Stealth        | |  0.4

Action                     |  1- 3 |  4- 6 |  7- 9 || total
---------------------------+-------+-------+-------++-------
  Melee: Long sword        |    91 |   161 |    25 ||   277
         Tailslap          |     9 |    16 |     3 ||    28
    Use: Scroll            |     4 |     7 |       ||    11
         Potion            |     1 |     3 |       ||     4
   Stab: Invisible         |       |     1 |       ||     1
 Armour: Scale mail        |    74 |    78 |     8 ||   160
  Dodge: Dodged            |    43 |    57 |     5 ||   105
  Block: Buckler           |    27 |    58 |    12 ||    97
